 Dungeon Crawl Stone Soup version 0.10.0-14-ga75c42d character file.

109 johndracula the Insei (level 3, 23/23 HPs)
             Began as an Octopode Transmuter on Feb 28, 2012.
             Quit the game on Level 3 of the Dungeon.
             The game lasted 00:06:37 (1102 turns).

johndracula the Insei (Octopode Transmuter)         Turns: 1102, Time: 00:06:37

HP  23/23        AC  1     Str  9      XL: 3   Next: 35%
MP   5/5         EV 12     Int 16      God:
Gold 74          SH  0     Dex 12      Spells:  1 memorised,  6 levels left

Res.Fire  : . . .   See Invis. : .   k - +1,+0 elf dagger
Res.Cold  : . . .   Warding    : . . (no shield)
Life Prot.: . . .   Conserve   : .   (helmet restricted)
Res.Acid. : . . .   Res.Corr.  : .   (no amulet)
Res.Poison: .       Clarity    : .   (no ring)
Res.Elec. : .       Spirit.Shd : .   (no ring)
Sust.Abil.: . .     Stasis     : .   (no ring)
Res.Mut.  : .       Ctrl.Telep.: .   (no ring)
Res.Rott. : .       Levitation : .   (no ring)
Saprovore : . . .   Ctrl.Flight: .   (no ring)
                                     (no ring)
                                     (no ring)

@: not resistant to hostile enchantments, stealthy
A: almost no armour, amphibious, constrict 8, camouflage 1, tentacles 3, AC +1
a: no special abilities


You were on level 3 of the Dungeon.
You were hungry.

You visited 1 branch of the dungeon, and saw 3 of its levels.

You collected 54 gold pieces.

Inventory:

Hand weapons
 k - a +1,+0 elven dagger (weapon)
Missiles
 b - 12 +0 arrows
Comestibles
 a - a bread ration
Scrolls
 e - a scroll of curse weapon {unknown}
 f - a scroll of identify {unknown}
 g - a scroll of amnesia {unknown}
 h - a scroll of blinking {unknown}
 i - a scroll of detect curse {unknown}
 j - a scroll of enchant weapon I {unknown}
 l - a scroll of remove curse {unknown}
Potions
 c - 3 potions of might {unknown}
 m - a potion of speed {unknown}
Books
 d - a book of Changes

   Spells                             Type                      Level
   *Beastly Appendage                 Transmutation                1
   Sticks to Snakes                   Transmutation                2
   Spider Form                        Transmutation/Poison         3
   Ice Form                           Ice/Transmutation            4
   Blade Hands                        Transmutation                5


   Skills:
 + Level 1,3 Fighting
 + Level 2,0 Dodging
 * Level 1,6 Stealth
 * Level 1,4 Stabbing
 + Level 3,6 Unarmed Combat
 * Level 2,6 Spellcasting
 * Level 2,4 Transmutations


You had 6 spell levels left.
You knew the following spells:

 Your Spells              Type           Power        Failure   Level  Hunger
a - Beastly Appendage     Trmt           ##.....      10%         1    Sultana

Dungeon Overview and Level Annotations

Branches:
Dungeon (3/27)

Altars:


Innate Abilities, Weirdness & Mutations

You cannot wear most types of armour.
You can wear up to eight rings at the same time.
You are amphibious.
You can use your tentacles to constrict many enemies at once.
Your rubbery body absorbs attacks (AC +1).
Your skin changes colour to match your surroundings (Stlth).
You have a mass of large tentacles instead of arms.


Message History

You closely miss the goblin. You constrict the goblin.
The goblin is lightly wounded.
The goblin barely misses you.
You tentacle-slap the goblin. You constrict the goblin.
You kill the goblin!
Found a scroll labeled RUASAXT KACA.
Things that are here:
a glowing elven dagger; a goblin corpse
There are several objects here.
Pick up a glowing elven dagger? ((y)es/(n)o/(a)ll/(m)enu/*?g,/q)
k - a glowing elven dagger Pick up a goblin corpse? ((y)es/(n)o/(a)ll/(m)enu/*?g,/q)
Okay, then.
Wield which item (- for none, * to show all)? (? for menu, Esc to quit)
k - an uncursed glowing elven dagger (weapon)
l - a scroll labeled RUASAXT KACA You are feeling hungry.
Found a glowing short sword.
m - a blue potion Are you sure you want to quit without saving? (Confirm with "yes".)

###.#.# .####.#
..#.#.# #.#....#
#.#.#.# #.#.#..#
......# #.#.#..#
..#.### #.#.#..
..#.# #.# #.#.#.####
..#'###.###.#.#.#..+
#...............#)#
#......>........@.#
#...........#.#####
##..........#.#
#..........#.#
#..........#..
#..........#..
#%.........#...
##.........##.#.
#..........# .


There were no monsters in sight!

Vanquished Creatures
  An adder (D:2)
  An orc (D:3)
  8 goblins
  6 hobgoblins (D:1)
  A kobold (D:1)
  4 bats (D:1)
  A giant newt (D:2)
  2 rats (D:1)
  A toadstool (D:1)
25 creatures vanquished.

Vanquished Creatures (others)
  A toadstool (D:1)
1 creature vanquished.

Grand Total: 26 creatures vanquished

Notes
Turn   | Place    | Note
--------------------------------------------------------------
     0 | D:1      | johndracula, the Octopode Transmuter, began the quest for the Orb.
     0 | D:1      | Reached XP level 1. HP: 13/13 MP: 1/1
    96 | D:1      | Reached XP level 2. HP: 9/18 MP: 3/3
   257 | D:1      | Reached skill level 1 in Stealth
   945 | D:2      | Reached skill level 1 in Stabbing
   945 | D:2      | Reached XP level 3. HP: 20/23 MP: 5/5
  1102 | D:3      | Quit the game
